BLB
PITTSBURGH MILLERS @ PHILADELPHIA FREEDOM
04/16/2060
 
TOP OF THE 1ST
Pawtucket Patriots batting - Pitching for New York Cyclones : LHP Alex Landrum
Pitching: LHP Alex Landrum
Batting: SHB Cody Janway 0-0: Called Strike
0-1: Called Strike
0-2: Strikes out swinging
Batting: RHB Carter Kocher 0-0: Swinging Strike
0-1: Foul Ball, location: 2F
0-2: Strikes out swinging
Batting: RHB Ricky Douglas 0-0: SINGLE (Flyball, 5D, EV 91.2 MPH)
Batting: RHB Rodrick Madhubuti 0-0: Foul Ball, location: 2F
0-1: Foul Ball, location: 2F
0-2: Foul Ball, location: 2F
0-2: Strikes out swinging
Top of the 1st over - 0 runs, 1 hit, 0 errors, 1 left on base; Pawtucket 0 - New York 0
BOTTOM OF THE 1ST
New York Cyclones batting - Pitching for Pawtucket Patriots : LHP Cory Seyfarth
Pitching: LHP Cory Seyfarth
Batting: RHB Alexander Charter 0-0: Ball
1-0: Ball
2-0: Called Strike
2-1: Foul Ball, location: 2F
2-2: Foul Ball, location: 2F
2-2: Foul Ball, location: 2F
2-2: SINGLE (Groundball, 34D, EV 103.1 MPH)
Batting: RHB Parker Capalbo 0-0: SINGLE (Line Drive, 8RS, EV 96.2 MPH)
Alexander Charter to second
Batting: RHB Jarrett Evans 0-0: Ball
1-0: Called Strike
1-1: Called Strike
1-2: Foul Ball, location: 2F
1-2: Ball
2-2: Ball
3-2: DOUBLE (Groundball, 5L, EV 105.6 MPH)
Alexander Charter scores
Parker Capalbo to third
Batting: RHB Rob Detling 0-0: Swinging Strike
0-1: Ball
1-1: Called Strike
1-2: Ball
2-2: Ball
3-2: Base on Balls
Batting: RHB Fred Etheridge 0-0: Called Strike
0-1: Foul Ball, location: 2F
0-2: Foul Ball, location: 2F
0-2: Ball
1-2: Fly out, F7 (Flyball, 7, EV 89.4 MPH)
Batting: LHB John McIntyre 0-0: SINGLE (Flyball, 9S, EV 99.4 MPH)
Parker Capalbo scores
Jarrett Evans to third
Rob Detling to second
Runner from 3rd tries for Home, SAFE, throw by RF to home
Batting: RHB Evan Buhler 0-0: Ball
1-0: Called Strike
1-1: Fly out, F7 (Line Drive, 7LM, EV 102.5 MPH)
Batting: RHB Kaniel Martinez 0-0: Fly out, F9 (Flyball, 89M, EV 89.4 MPH)
Bottom of the 1st over - 3 runs, 4 hits, 0 errors, 2 left on base; Pawtucket 0 - New York 3
TOP OF THE 2ND
Pawtucket Patriots batting - Pitching for New York Cyclones : LHP Alex Landrum
Batting: RHB Isaac Merolla 0-0: Foul Ball, location: 2F
0-1: Ball
1-1: Foul Ball, location: 2F
1-2: Ground out 5-3 (Groundball, 56, EV 105.0 MPH)
Batting: RHB Lucas Anderson 0-0: Swinging Strike
0-1: Ball
1-1: Foul Ball, location: 2F
1-2: Strikes out swinging
Batting: RHB Keith Friday 0-0: Hit by Pitch
Batting: LHB Justin Knight 0-0: Fielders Choice at 2nd, 5-4 (Groundball, 56, EV 80.0 MPH)
Top of the 2nd over - 0 runs, 0 hits, 0 errors, 1 left on base; Pawtucket 0 - New York 3
BOTTOM OF THE 2ND
New York Cyclones batting - Pitching for Pawtucket Patriots : LHP Cory Seyfarth
Batting: LHB Tariq Alston 0-0: Called Strike
0-1: Ball
1-1: Foul Ball, location: 2F
1-2: Ground out 4-3 (Groundball, 4, EV 81.2 MPH)
Batting: RHB Alexander Charter 0-0: Swinging Strike
0-1: Ball
1-1: Ball
2-1: Ball
3-1: Called Strike
3-2: Ground out 5-3 (Groundball, 5S, EV 67.5 MPH)
Batting: RHB Parker Capalbo 0-0: Ball
1-0: Ground out 5-3 (Groundball, 56S, EV 65.0 MPH)
Bottom of the 2nd over - 0 runs, 0 hits, 0 errors, 0 left on base; Pawtucket 0 - New York 3
TOP OF THE 3RD
Pawtucket Patriots batting - Pitching for New York Cyclones : LHP Alex Landrum
Batting: RHB Paxton Barnett 0-0: Called Strike
0-1: Ball
1-1: Foul Ball, location: 2F
1-2: Ball
2-2: Strikes out swinging
Batting: SHB Cody Janway 0-0: Ball
1-0: Called Strike
1-1: Ball
2-1: Ball
3-1: Base on Balls
Batting: RHB Carter Kocher 0-0: Ball
1-0: Ball
2-0: Ball
3-0: Called Strike
3-1: Called Strike
3-2: SINGLE (Groundball, 6MD, EV 94.4 MPH)
Cody Janway to second
Cody Janway to third
Batting: RHB Ricky Douglas 0-0: Called Strike
0-1: Ball
1-1: Foul Ball, location: 2F
1-2: Foul Ball, location: 2F
1-2: Foul Ball, location: 2F
1-2: Strikes out swinging
Batting: RHB Rodrick Madhubuti 0-0: Called Strike
0-1: Foul Ball, location: 2F
0-2: Ball
1-2: Foul Ball, location: 2F
1-2: Ball
2-2: Foul Ball, location: 2F
2-2: Ball
3-2: Strikes out swinging
Top of the 3rd over - 0 runs, 1 hit, 0 errors, 2 left on base; Pawtucket 0 - New York 3
BOTTOM OF THE 3RD
New York Cyclones batting - Pitching for Pawtucket Patriots : LHP Cory Seyfarth
Batting: RHB Jarrett Evans 0-0: Ball
1-0: Ball
2-0: Called Strike
2-1: Foul Ball, location: 2F
2-2: Ball
3-2: Foul Ball, location: 2F
3-2: Hit by Pitch
Batting: RHB Rob Detling 0-0: Called Strike
0-1: Ball
1-1: Grounds into double play, 6-4-3 (Groundball, 6, EV 103.8 MPH)
Batting: RHB Fred Etheridge 0-0: Called Strike
0-1: Swinging Strike
0-2: Ball
1-2: Foul Ball, location: 2F
1-2: Strikes out looking
Bottom of the 3rd over - 0 runs, 0 hits, 0 errors, 0 left on base; Pawtucket 0 - New York 3
TOP OF THE 4TH
Pawtucket Patriots batting - Pitching for New York Cyclones : LHP Alex Landrum
Batting: RHB Isaac Merolla 0-0: Ball
1-0: Called Strike
1-1: Foul Ball, location: 2F
1-2: Ball
2-2: Strikes out swinging, 2-3 out at first.
Batting: RHB Lucas Anderson 0-0: Ball
1-0: Called Strike
1-1: Ball
2-1: Ball
3-1: DOUBLE (Flyball, 8RD, EV 111.2 MPH)
Batting: RHB Keith Friday 0-0: Ball
1-0: Ball
2-0: Ball
3-0: Called Strike
3-1: Base on Balls
Batting: LHB Justin Knight 0-0: Grounds into double play, 6-4-3 (Groundball, 56D, EV 81.9 MPH)
Top of the 4th over - 0 runs, 1 hit, 0 errors, 1 left on base; Pawtucket 0 - New York 3
BOTTOM OF THE 4TH
New York Cyclones batting - Pitching for Pawtucket Patriots : LHP Cory Seyfarth
Batting: LHB John McIntyre 0-0: Ground out U3 (Groundball, 34S, EV 85.6 MPH)
Batting: RHB Evan Buhler 0-0: Ball
1-0: Ground out 5-3 (Groundball, 56, EV 83.8 MPH)
Batting: RHB Kaniel Martinez 0-0: Ball
1-0: SINGLE (Line Drive, 9LS, EV 93.1 MPH)
Batting: LHB Tariq Alston 0-0: Foul Ball, location: 2F
0-1: Swinging Strike
0-2: Ball
1-2: Ball
2-2: Foul Ball, location: 2F
2-2: Strikes out swinging
Bottom of the 4th over - 0 runs, 1 hit, 0 errors, 1 left on base; Pawtucket 0 - New York 3
TOP OF THE 5TH
Pawtucket Patriots batting - Pitching for New York Cyclones : LHP Alex Landrum
Batting: RHB Paxton Barnett 0-0: SINGLE (Line Drive, 4MD, EV 95.0 MPH)
Batting: SHB Cody Janway 0-0: Bunted foul
0-1: Bunted foul
0-2: Strikes out looking
Batting: RHB Carter Kocher 0-0: Foul Ball, location: 2F
0-1: Called Strike
0-2: Hit by Pitch
Paxton Barnett to second
Batting: RHB Ricky Douglas 0-0: Ball
1-0: Swinging Strike
1-1: Foul Ball, location: 2F
1-2: Strikes out swinging
Batting: RHB Rodrick Madhubuti 0-0: Foul Ball, location: 2F
0-1: Called Strike
0-2: Strikes out swinging
Top of the 5th over - 0 runs, 1 hit, 0 errors, 2 left on base; Pawtucket 0 - New York 3
BOTTOM OF THE 5TH
New York Cyclones batting - Pitching for Pawtucket Patriots : LHP Cory Seyfarth
Batting: RHB Alexander Charter 0-0: Ball
1-0: Fly out, F7 (Flyball, 78S, EV 87.5 MPH)
Batting: RHB Parker Capalbo 0-0: Ball
1-0: Fly out, F4 (Popup, 4D, EV 46.2 MPH)
Batting: RHB Jarrett Evans 0-0: Ball
1-0: Ball
2-0: Ball
3-0: Called Strike
3-1: Foul Ball, location: 2F
3-2: Base on Balls
Batting: RHB Rob Detling 0-0: Fly out, F7 (Flyball, 7S, EV 93.1 MPH)
Bottom of the 5th over - 0 runs, 0 hits, 0 errors, 1 left on base; Pawtucket 0 - New York 3
TOP OF THE 6TH
Pawtucket Patriots batting - Pitching for New York Cyclones : LHP Alex Landrum
Batting: RHB Isaac Merolla 0-0: Ball
1-0: Foul Ball, location: 2F
1-1: Ground out U3 (Groundball, 3S, EV 86.9 MPH)
Batting: RHB Lucas Anderson 0-0: Ball
1-0: SINGLE (Line Drive, 9S, EV 91.9 MPH)
Batting: RHB Keith Friday 0-0: Foul Ball, location: 2F
0-1: Foul Ball, location: 2F
0-2: Ball
1-2: Ball
2-2: Ball
3-2: Fielders Choice at 2nd, 3-6 (Groundball, 3, EV 91.9 MPH)
Batting: LHB Justin Knight 0-0: Foul Ball, location: 2F
0-1: Ball
1-1: Fly out, F9 (Flyball, 89D, EV 103.8 MPH)
Top of the 6th over - 0 runs, 1 hit, 0 errors, 1 left on base; Pawtucket 0 - New York 3
BOTTOM OF THE 6TH
New York Cyclones batting - Pitching for Pawtucket Patriots : LHP Cory Seyfarth
Batting: RHB Fred Etheridge 0-0: Fly out, F7 (Flyball, 7D, EV 98.1 MPH)
Batting: LHB John McIntyre 0-0: Ball
1-0: Fly out, F9 (Flyball, 89S, EV 89.4 MPH)
Batting: RHB Evan Buhler 0-0: Called Strike
0-1: Swinging Strike
0-2: Ball
1-2: Strikes out swinging
Bottom of the 6th over - 0 runs, 0 hits, 0 errors, 0 left on base; Pawtucket 0 - New York 3
TOP OF THE 7TH
Pawtucket Patriots batting - Pitching for New York Cyclones : LHP Alex Landrum
Batting: RHB Paxton Barnett 0-0: Ball
1-0: Ball
2-0: Foul Ball, location: 2F
2-1: SINGLE (Groundball, 5D, EV 96.2 MPH)
Batting: SHB Cody Janway 0-0: Ball
1-0: Sac Bunt to P - play at first, batter OUT! 1-3
Paxton Barnett to second
Batting: RHB Carter Kocher 0-0: Called Strike
0-1: Swinging Strike
0-2: Strikes out swinging
Batting: RHB Ricky Douglas 0-0: Ground out 4-3 (Groundball, 4, EV 82.5 MPH)
Top of the 7th over - 0 runs, 1 hit, 0 errors, 1 left on base; Pawtucket 0 - New York 3
BOTTOM OF THE 7TH
New York Cyclones batting - Pitching for Pawtucket Patriots : LHP Cory Seyfarth
Pitching: LHP Zachary Jackson
Batting: RHB Kaniel Martinez 0-0: Ball
1-0: Foul Ball, location: 2F
1-1: SINGLE (Groundball, 34D, EV 96.2 MPH)
Batting: LHB Tariq Alston 0-0: Ball
1-0: Ball
2-0: Bunted foul
2-1: Bunt missed!
2-2: Strikes out swinging
Batting: RHB Alexander Charter 0-0: Called Strike
0-1: Foul Ball, location: 2F
0-2: Ball
1-2: Strikes out looking
Batting: RHB Parker Capalbo 0-0: Called Strike
0-1: Swinging Strike
Pickoff Throw to First - Out! 1-3 CS
Bottom of the 7th over - 0 runs, 1 hit, 0 errors, 0 left on base; Pawtucket 0 - New York 3
TOP OF THE 8TH
Pawtucket Patriots batting - Pitching for New York Cyclones : LHP Alex Landrum
Batting: RHB Rodrick Madhubuti 0-0: Called Strike
0-1: Swinging Strike
0-2: Ball
1-2: Ball
2-2: Ball
3-2: Fly out, F8 (Flyball, 8LD, EV 95.6 MPH)
Pitching: RHP Sean Vitale
Batting: RHB Isaac Merolla 0-0: Swinging Strike
0-1: Foul Ball, location: 2F
0-2: Ball
1-2: Strikes out looking
Batting: RHB Lucas Anderson 0-0: Ball
1-0: Ground out 4-3 (Groundball, 4, EV 87.5 MPH)
Top of the 8th over - 0 runs, 0 hits, 0 errors, 0 left on base; Pawtucket 0 - New York 3
BOTTOM OF THE 8TH
New York Cyclones batting - Pitching for Pawtucket Patriots : LHP Zachary Jackson
Pitching: RHP Tommy Pitz
Batting: RHB Parker Capalbo 0-0: Called Strike
0-1: Ball
1-1: Called Strike
1-2: Ball
2-2: SINGLE (Groundball, 56D, EV 106.2 MPH) (infield hit)
Batting: RHB Jarrett Evans 0-0: Ball
1-0: Foul Ball, location: 2F
1-1: Ball
2-1: Swinging Strike
2-2: Foul Ball, location: 2F
2-2: Foul Ball, location: 2F
2-2: Foul Ball, location: 2F
2-2: Foul Ball, location: 2F
2-2: Strikes out swinging
Batting: RHB Rob Detling 0-0: Fly out, F9 (Flyball, 8RM, EV 88.1 MPH)
Batting: RHB Fred Etheridge 0-0: Ball
1-0: Swinging Strike
1-1: Called Strike
1-2: Foul Ball, location: 2F
1-2: Foul Ball, location: 2F
1-2: Ball
2-2: Foul Ball, location: 2F
2-2: Fielders Choice at 2nd, 5-4 (Groundball, 56, EV 90.0 MPH)
Bottom of the 8th over - 0 runs, 1 hit, 0 errors, 1 left on base; Pawtucket 0 - New York 3
TOP OF THE 9TH
Pawtucket Patriots batting - Pitching for New York Cyclones : RHP Sean Vitale
Pitching: LHP Dawson Hupp
Batting: RHB Keith Friday 0-0: Bunt for hit to 2R - play at first, batter OUT! 2-3
Pinch Hitting: RHB Brenden Morris 0-0: Called Strike
0-1: SINGLE (Flyball, 8RS, EV 87.5 MPH)
Batting: RHB Paxton Barnett 0-0: Foul Ball, location: 2F
0-1: Swinging Strike
0-2: Ball
1-2: Foul Ball, location: 2F
1-2: Strikes out swinging
Batting: SHB Cody Janway 0-0: Ball
1-0: Called Strike
1-1: SINGLE (Groundball, 34D, EV 105.0 MPH)
Brenden Morris to second
Batting: RHB Carter Kocher 0-0: Swinging Strike
0-1: Ball
1-1: Swinging Strike
1-2: Strikes out swinging
Top of the 9th over - 0 runs, 2 hits, 0 errors, 2 left on base; Pawtucket 0 - New York 3
Saturday, April 27th , 2024 - OOTP Baseball 23.10 Build 110